Map: Романтицид РВ

Players

GeNieS - Winner!

  • Race: Protoss Protoss
  • League: Master
  • Spawn Location: 5:00

soul

  • Race: Protoss Protoss
  • League: Master
  • Spawn Location: 11:00

VOD

Have the link to the VOD?

Description

Time

  • Played on: Feb. 8, 2021, 9:46 a.m.
  • Length: 5:13
Show
View Real Time Build Order
Export as new Build Order

GeNieS Protoss - Winner!

Build Orders: Dark Templar Rush 

Get SALT Encoding   

  12  0:00  Probe  
  13  0:12  Probe  
  14  0:17  Pylon  
  14  0:24  Probe (Chrono Boost)  
  15  0:37  Probe (Chrono Boost)  
  15  0:38  Gateway  
  16  0:43  Probe (Chrono Boost)  
  16  0:47  Assimilator  
  17  0:52  Probe (Chrono Boost)  
  17  0:54  Assimilator  
  18  1:04  Probe (Chrono Boost)  
  19  1:07  Gateway  
  19  1:13  Probe (Chrono Boost)  
  19  1:18  Probe  
  21  1:25  Cybernetics Core  
  21  1:30  Probe  
  22  1:39  Pylon  
  22  1:42  Probe  
  23  2:01  Stalker x2  
  23  2:02  Warp Gate  
  27  2:11  Twilight Council  
  27  2:32  Stalker x2  
  31  2:45  Pylon  
  31  2:49  Dark Shrine  
  31  3:06  Gateway  
  31  3:33  Nexus  
  29  3:35  Pylon  
  29  3:40  Probe  
  26  3:56  Probe  
  26  4:02  Dark Templar x2  
  31  4:03  Dark Templar  
  31  4:11  Pylon  
  31  4:13  Probe  
  29  4:25  Probe  
  28  4:35  Stalker  
  28  4:36  Stalker x2  
  28  4:37  Probe  
  21  5:03  Stalker x2  
Show
View Real Time Build Order
Export as new Build Order

soul Protoss 

Build Orders:  

Get SALT Encoding   

  12  0:00  Probe  
  13  0:12  Probe  
  14  0:20  Pylon  
  14  0:24  Probe  
  15  0:38  Probe (Chrono Boost)  
  15  0:40  Gateway  
  16  0:49  Probe (Chrono Boost)  
  17  0:50  Assimilator  
  17  0:54  Probe (Chrono Boost)  
  18  1:03  Assimilator  
  18  1:04  Probe (Chrono Boost)  
  19  1:12  Gateway  
  19  1:16  Probe (Chrono Boost)  
  20  1:23  Probe (Chrono Boost)  
  21  1:30  Probe, Cybernetics Core  
  22  1:36  Pylon  
  22  1:42  Probe  
  23  2:04  Warp Gate (Chrono Boost)  
  23  2:10  Nexus  
  23  2:17  Stalker  
  25  2:25  Stalker  
  27  2:34  Pylon  
  27  2:43  Probe  
  28  2:53  Stalker  
  28  2:55  Stalker  
  32  3:09  Pylon  
  30  3:38  Stalker x2  
  30  3:39  Probe  
  33  3:44  Probe  
  34  3:51  Pylon, Probe  
  35  3:56  Probe  
  35  4:02  Stalker x2  
  40  4:08  Robotics Facility  
  40  4:13  Gateway  
  36  4:27  Stalker x2  
  33  4:32  Probe  
  10  4:56  Observer (Chrono Boost)  
Tags
 
Add a new tag
Caveats
  • Supply blocks, unpowered buildings, or Contaminate may cause inaccurate times.
  • Supply counts are checked every 10 seconds.